 Dungeon Crawl Stone Soup version 0.17.0-28-g6e173f8 (webtiles) character file.

27 veneficus the Conjurer (level 2, 15/15 HPs)
             Began as a Deep Elf Conjurer on Dec 1, 2015.
             Quit the game on level 2 of the Dungeon.
             The game lasted 00:03:14 (646 turns).

veneficus the Conjurer (Deep Elf Conjurer)           Turns: 646, Time: 00:03:14

Health: 15/15      AC:  4    Str:  5    XL:     2   Next: 93%
Magic:  8/8        EV: 13    Int: 19    God:
Gold:   24         SH:  0    Dex: 15    Spells: 2 memorised, 4 levels left

rFire  . . .     SeeInvis .     (no weapon)
rCold  . . .     Clarity  .     a - +0 robe
rNeg   . . .     SustAt   .     (no shield)
rPois  .         Gourm    .     e - +0 helmet
rElec  .         Spirit   .     (no cloak)
rCorr  .         Warding  .     j - +0 pair of gloves (curse)
rMut   .         Stasis   .     (no boots)
MR     .....                    (no amulet)
Stlth  ++........               (no ring)
                                (no ring)

@: not resistant to hostile enchantments, unstealthy
A: no striking features
a: no special abilities


You were on level 2 of the Dungeon.
You were not hungry.

You visited 1 branch of the dungeon, and saw 2 of its levels.

You collected 24 gold pieces.

Inventory:

Armour
 a - a +0 robe (worn)
 e - a +0 helmet (worn)
 h - a +0 robe
 j - a cursed +0 pair of gloves (worn)
Jewellery
 n - an uncursed ring of stealth
Potions
 d - a potion of invisibility {unknown}
 l - a potion of curing {unknown}
Books
 b - a book of Conjurations

   Spells                             Type                      Level
   a - Magic Dart                     Conjuration                  1
   b - Searing Ray                    Conjuration                  2
   c - Dazzling Spray                 Conjuration/Hexes            3
   d - Fulminant Prism                Conjuration/Hexes            4
   e - Iskenderun's Mystic Blast      Conjuration                  4
   f - Iskenderun's Battlesphere      Conjuration/Charms           5
Comestibles
 c - a bread ration
 f - a chunk of flesh


   Skills:
 - Level 2.4 Dodging
 - Level 2.4 Stealth
 - Level 3.0 Spellcasting
 + Level 5.4 Conjurations


You had 4 spell levels left.
You knew the following spells:

 Your Spells              Type           Power        Failure   Level  Hunger
a - Magic Dart            Conj           ###.         1%          1    None
b - Searing Ray           Conj           ###...       2%          2    ##.....


Dungeon Overview and Level Annotations

Branches:
Dungeon (2/15)

Altars:


Message History

Magic restored.
n - a notched cabochon ring
Found a stone staircase leading up.
Read which item? (? for menu, Esc to quit)
As you read the scroll labeled TUADGH ZUTA, it crumbles to dust.
You feel aware of your surroundings.
It was a scroll of magic mapping.
Read which item? (? for menu, Esc to quit)
As you read the scroll labeled HAOGITR BIEPOE, it crumbles to dust.
You assume a fearsome visage.
Nothing appears to happen.
It was a scroll of fear.
Read which item? (? for menu, Esc to quit)
As you read the scroll labeled IJASSI GOSI, it crumbles to dust.
It is a scroll of identify.
Identify which item? (\ to view known items) (? for menu, Esc to quit)
n - an uncursed ring of stealth Read which item? (? for menu, Esc to quit)
As you read the scroll labeled GAIDWU JEJASS, it crumbles to dust.
It is a scroll of enchant weapon.
You aren't carrying any weapons that can be enchanted.
Are you sure you want to abandon this character and quit the game? (Confirm with "yes".)

*,*,*,,*,**,*****,**,*,**,*******
*,,,*,,*,**,,,,,,.##,*,,,,,,,,*
*,,**,,*,*****##*..*,*,,,,,,,,*
*,,,,,,,,,,,,,..*..,,*,**,***,*
**,**,,,*******.#.,#**,**,* *,*
,,,,,,,,,,,,,,,....# *,**,* *,*
**,**,,,*#######.#.# *,**,* *,*
**,,*,,,,.........<# *,**,* *,***
,,,,,,,,,.......@#,******,***,,,,
***,,*,,,........#,,,,,,,,**,,**,
****,*,,,........#****,,,,,,,,,**
,* *,*,,,........## **,≈≈,≈,≈,*,,
,* *,*,**####+###.# *,,,≈≈,≈,≈≈*,
,* *,*,* *,#...# **≈,≈≈≈≈≈≈,≈, ,*
*,,,* *,#.#.# **≈≈*≈≈≈≈,≈≈, **
**,,******,#.#.# *,,,≈≈,≈≈,≈≈*
*****,,*,,,,,,#.#.# *,,≈≈≈≈≈,≈≈*,


There were no monsters in sight!

Vanquished Creatures
  2 adders (D:2)
  A bat (D:1)
  A hobgoblin (D:1)
  2 giant geckos (D:1)
  A giant newt (D:1)
  2 goblins (D:1)
  4 rats (D:1)
13 creatures vanquished.

Notes
Turn   | Place    | Note
--------------------------------------------------------------
     0 | D:1      | veneficus the Deep Elf Conjurer began the quest for the Orb.
     0 | D:1      | Reached XP level 1. HP: 10/10 MP: 6/6
   355 | D:1      | Reached XP level 2. HP: 15/15 MP: 5/8
   417 | D:1      | Learned a level 2 spell: Searing Ray
   448 | D:1      | Reached skill level 5 in Conjurations
   646 | D:2      | Quit the game

Action                   || total
-------------------------++-------
 Cast: Magic Dart        ||    22
  Use: Scroll            ||     4
